 Dungeon Crawl Stone Soup version 0.26-a0-1222-g14533b3512 (webtiles) character file.

Game seed: 16739177629780349552

93 pkoi the Slasher (level 4, -6/37 HPs)
             Began as a Minotaur Gladiator on Jan 1, 2021.
             Mangled by a wyvern zombie (7 damage)
             ... on level 3 of the Dungeon.
             The game lasted 00:01:05 (1963 turns).

pkoi the Slasher (Minotaur Gladiator)               Turns: 1963, Time: 00:01:06

Health: -6/37      AC:  3    Str: 20    XL:     4   Next: 36%
Magic:  3/3        EV: 12    Int:  5    God:
Gold:   67         SH:  0    Dex: 11    Spells: 3/3 levels left

rFire    . . .     SeeInvis .   a - +0 long sword
rCold    . . .     Faith    .   (no shield)
rNeg     . . .     Spirit   .   b - +0 leather armour
rPois    .         Reflect  .   c - +0 hat
rElec    .         Harm     .   (no cloak)
rCorr    .         Rampage  .   (no gloves)
Will     .....                  (no boots)
Stlth    +.........             (no amulet)
HPRegen  0.12/turn              (no ring)
MPRegen  0.08/turn              (no ring)

@: no status effects
A: retaliatory headbutt, horns 2
a: no special abilities


You were on level 3 of the Dungeon.
You visited 1 branch of the dungeon, and saw 3 of its levels.

You collected 67 gold pieces.

Inventory:

Hand Weapons
 a - a +0 long sword (weapon)
Missiles
 d - 3 throwing nets (quivered)
Armour
 b - a +0 leather armour (worn)
 c - a +0 hat (worn)
Jewellery
 l - an uncursed amulet of faith {unknown}
Scrolls
 e - 3 scrolls of identify {unknown}
 f - a scroll of blinking {unknown}
 g - a scroll of immolation {unknown}
 i - 2 scrolls of remove curse {unknown}
 j - 3 scrolls of teleportation {unknown}
 n - a scroll of fog {unknown}
Potions
 h - 2 potions of heal wounds {unknown}
 k - 2 potions of curing {unknown}
 m - a potion of haste {unknown}


   Skills:
 - Level 2.4 Fighting
 + Level 6.3 Long Blades
 - Level 2.0 Throwing
 - Level 3.2 Dodging


You had 3 spell levels left.
You didn't know any spells.
Your spell library was empty.

Dungeon Overview and Level Annotations

Branches:
Dungeon (3/15)

Altars:
Ashenzari
Sif Muna
Yredelemnul


Innate Abilities, Weirdness & Mutations

You reflexively headbutt those who attack you in melee.
You have a pair of horns on your head.


Message History

You are too injured to fight recklessly!
You are too injured to fight recklessly!
You are too injured to fight recklessly!
You are too injured to fight recklessly!
A wyvern zombie is nearby!
You hit the wyvern zombie.
You headbutt the wyvern zombie, but do no damage.
The wyvern zombie is moderately damaged.
The wyvern zombie bites you but does no damage.
The wyvern zombie bites you!
* * * LOW HITPOINT WARNING * * *
You hit the wyvern zombie.
The wyvern zombie is heavily damaged.
The wyvern zombie barely misses you.
You slash the wyvern zombie!
The wyvern zombie is severely damaged.
The wyvern zombie bites you.
* * * LOW HITPOINT WARNING * * *
The wyvern zombie bites you!
You die...

... ..# ...
#.. ..# #.#
# #Z# # #@#
#.# #.# ##.
#.. #.# #.
.. ### #.#
#.###.###
##.#
........##
#..#
#.≈≈≈≈§§§..
##.##
#.≈≈§§§§§.#
#..#
#.≈≈._§§..#
#.##
#§≈§⌠>§≈.##


You could see a wyvern zombie.

Vanquished Creatures
  4 gnolls (D:3)
  An ooze (D:1)
  A worm (D:2)
  2 dart slugs (D:2)
  2 leopard geckos (D:2)
  4 bats
  A giant cockroach (D:1)
  5 goblins
  3 hobgoblins
  4 jackals (D:2)
  2 quokkas (D:2)
  7 frilled lizards
  4 kobolds
  3 rats
43 creatures vanquished.

Notes
Turn   | Place    | Note
-------+----------+-------------------------------------------
     0 | D:1      | pkoi the Minotaur Gladiator began the quest for the Orb.
     0 | D:1      | Reached XP level 1. HP: 18/18 MP: 0/0
     5 | D:1      | Noticed a minotaur skeleton
    12 | D:1      | Noticed a minotaur skeleton
   245 | D:1      | Reached skill level 4 in Long Blades
   421 | D:1      | Found a broken altar of Ashenzari.
   597 | D:1      | Reached XP level 2. HP: 25/25 MP: 1/1
  1074 | D:2      | Reached skill level 5 in Long Blades
  1079 | D:2      | Reached XP level 3. HP: 30/30 MP: 2/2
  1169 | D:2      | Found a basalt altar of Yredelemnul.
  1556 | D:3      | Reached skill level 6 in Long Blades
  1556 | D:3      | Reached XP level 4. HP: 31/37 MP: 3/3
  1857 | D:3      | Found a shimmering blue altar of Sif Muna.
  1963 | D:3      | HP: 1/37 [wyvern zombie (6)]
  1963 | D:3      | Mangled by a wyvern zombie

Illustrated notes

Levels and vault maps discovered:
D:1:      shiori_arrival_whats_in_store_for_you, layout_loops_ring,
          nicolae_ashenzari_panopticon
D:2:      layout_rooms, yredelemnul_altar_generic
D:3:      layout_loops_ring, old_standard_altar, general_overflow_altar

Skill      XL: |  1  2  3 |
---------------+----------+-----
Long Blades    | 4 5 6 |  6.3
Fighting       | |  2.4
Throwing       | |  2.0
Dodging        | |  3.2

Action                   |  1- 3 |  4- 6 || total
-------------------------+-------+-------++-------
Melee: Long sword        |    67 |    22 ||    89
       Headbutt          |    10 |     2 ||    12
Armor: Leather armour    |    16 |     6 ||    22
Dodge: Dodged            |    45 |    14 ||    59
       Rpst.: Long sword |    12 |     2 ||    14

Table legend: (Time is in decaauts)
 A = Elapsed time spent in this place.
 B = Non-inter-level travel time spent in this place.
 C = Inter-level travel time spent in this place.
 D = Time resting spent in this place.
 E = Time spent auto-exploring this place.
 F = Levels seen in this place.
 G = Mean time per level.
                   A        B        C        D        E       F      G
               +--------+--------+--------+--------+--------+-----+--------+
         Total |   1974 |   1933 |     41 |    509 |   1214 |   3 |  658.0 |
       Dungeon |   1974 |   1933 |     41 |    509 |   1214 |   3 |  658.0 |
               +--------+--------+--------+--------+--------+-----+--------+

Top non-repeatable levels by time:
     D:1: 914 daAuts
     D:2: 609 daAuts
     D:3: 450 daAuts
